 Dungeon Crawl Stone Soup version 0.25-a0-930-g9f5dfa9815 (webtiles) character file.

Game seed: 4809217432468119179, levelgen mode: classic

37 Amnesiac the Chiller (level 3, -3/23 (26) HPs)
             Began as a Ghoul Ice Elementalist on May 4, 2020.
             Killed from afar by Blork the orc (8 damage)
             ... with a magic dart
             ... on level 5 of the Dungeon.
             The game lasted 00:03:27 (1595 turns).

Amnesiac the Chiller (Ghoul Ice Elementalist)       Turns: 1595, Time: 00:03:27

HP:   -3/23 (26)    AC:  9    Str: 11    XL:     3   Next: 41%
MP:   0/5           EV: 11    Int: 11    God:
Gold: 21            SH:  0    Dex:  9    Spells: 2/6 levels left

rFire    . . .     SeeInvis .   a - +0 long sword
rCold    + . .     Gourm    .   (no shield)
rNeg     + + +     Faith    .   h - +0 leather armour
rPois    ∞         Spirit   .   (no helmet)
rElec    .         Reflect  .   (no cloak)
rCorr    .         Harm     .   (no gloves)
MR       .....                  (no boots)
Stlth    +.........             (no amulet)
HPRegen  0.00/turn              j - +6 ring of protection
MPRegen  0.09/turn              (no ring)

@: frozen ramparts, rotting
A: rotting body, claws 1, carnivore, cold resistance 1, negative energy
resistance 3, inhibited regeneration, torment resistance, unbreathing
a: no special abilities


You were on level 5 of the Dungeon.
You were not hungry.

You visited 1 branch of the dungeon, and saw 5 of its levels.

You collected 21 gold pieces.

Inventory:

Hand Weapons
 a - a +0 long sword (weapon)
Missiles
 i - 6 poisoned darts (quivered)
Armour
 h - a +0 leather armour (worn)
 l - a +0 ring mail
Jewellery
 j - a +6 ring of protection (left claw)
Scrolls
 e - 3 scrolls of remove curse {!r, unknown}
 f - 3 scrolls of identify {!r, unknown}
 g - 2 scrolls of enchant armour {!r, unknown}
Potions
 b - a potion of heal wounds {!q, unknown}
 d - 2 potions of haste {!q, unknown}
Comestibles
 c - 6 rations


   Skills:
 - Level 1.7 Dodging
 - Level 2.1 Stealth
 + Level 2.2 Spellcasting
 * Level 5.3 Ice Magic


You had 2 spell levels left.
You knew the following spells:

 Your Spells              Type           Power        Failure   Level  Hunger
a - Freeze                Ice            ##..         4%          1    ##.....
b - Frozen Ramparts       Ice            ##....       13%         3    ####...

Your spell library contained the following spells:

 Spells                   Type           Power        Failure   Level  Hunger
 Ozocubu's Armour         Chrm/Ice       #.......     36%         3    ####...
 Hailstorm                Conj/Ice       #.......     77%         4    #####..
 Summon Ice Beast         Ice/Summ       #.......     77%         4    #####..


Dungeon Overview and Level Annotations

Branches:
Dungeon (5/15)
 Temple: D:4-7

Altars:
Ashenzari
Kikubaaqudgha

Annotations:
D:4 exclusions: adder, orc, scorpion and 2 vampire bats
D:5 Blork the orc


Innate Abilities, Weirdness & Mutations

Your body is rotting away.
You thrive on raw meat.
You are immune to poison.
You have sharp fingernails.
You are carnivorous and can eat meat at any time.
Your flesh is cold resistant. (rC+)
You are immune to negative energy. (rN+++)
You do not regenerate when monsters are visible.
You are immune to unholy pain and torment.
You can survive without breathing.


Message History

Partly explored, can't reach some places.
(D) Dungeon
Where to? (? - help)
What level of the Dungeon? (default 1, ? - help)
There is a stone staircase leading down here.
You climb downwards.
There is a stone staircase leading up here.
Blork the orc comes into view.
He is wielding a +0 hand axe and wearing a +2 robe of magic resistance.
Blork the orc shouts!
Blork the orc barely misses you.
Found a stone staircase leading down.
Casting: Freeze (safe; 4% risk of failure)
Confirm with . or Enter, or press ? or * to list all spells.
The spell is extremely dangerous to cast (13% risk of failure)!
Continue anyway?
The walls around you are covered in ice.
Casting: Frozen Ramparts (extremely dangerous; 13% risk of failure)
Confirm with . or Enter, or press ? or * to list all spells.
Aiming: Freeze (safe; 4% risk of failure)
Press: ? - help, Shift-Dir - straight line, f - Blork the orc
Aim: Blork the orc, wielding a +0 hand axe and wearing a +2 robe of magic resistance You freeze Blork the orc.
Blork the orc is lightly wounded.
The wall freezes Blork the orc.
Blork the orc hits you with a +0 hand axe.
Casting: Freeze (safe; 4% risk of failure)
Confirm with . or Enter, or press ? or * to list all spells.
Aiming: Freeze (safe; 4% risk of failure)
Press: ? - help, Shift-Dir - straight line, f/p - Blork the orc
Aim: Blork the orc, wielding a +0 hand axe and wearing a +2 robe of magic resistance (lightly wounded)
You freeze Blork the orc.
Blork the orc is moderately wounded.
The wall freezes Blork the orc.
Blork the orc hits you with a +0 hand axe!
Casting: Freeze (safe; 4% risk of failure)
Confirm with . or Enter, or press ? or * to list all spells.
You don't have enough magic to cast that spell.
Unknown command.
You barely miss Blork the orc.
Blork the orc is moderately wounded.
The wall freezes Blork the orc.
Blork the orc hits you but does no damage.
The wall freezes Blork the orc.
Blork the orc hits you but does no damage.
Unknown command.
You hit Blork the orc.
Blork the orc is heavily wounded.
The wall freezes Blork the orc.
Blork the orc gestures at you while chanting.
The puff of flame hits you!
* * * LOW HITPOINT WARNING * * *
Unknown command.
You closely miss Blork the orc.
Blork the orc is severely wounded.
The wall freezes Blork the orc.
Blork the orc completely misses you.
You riposte.
You hit Blork the orc but do no damage.
Blork the orc is severely wounded.
Unknown command.
Unknown command.
You closely miss Blork the orc.
Blork the orc is severely wounded.
The wall freezes Blork the orc.
Blork the orc casts a spell at you. The magic dart hits you!
You die...

#.###########
#.....<.....#
#.#########@#
#>....o.#
#.#######


You could see Blork the orc.

Vanquished Creatures
  A worm (D:4)
  2 leopard geckos
  A bat (D:3)
  2 bat skeletons (D:4)
  4 bat zombies (D:4)
  2 giant cockroaches (D:1)
  A goblin (D:1)
  A hobgoblin (D:1)
  7 jackals
  2 quokkas (D:4)
  A ball python (D:4)
  A frilled lizard (D:4)
  A quokka skeleton (D:4)
26 creatures vanquished.

Notes
Turn   | Place    | Note
-------+----------+-------------------------------------------
     0 | D:1      | Amnesiac the Ghoul Ice Elementalist began the quest for the
                  | Orb.
     0 | D:1      | Reached XP level 1. HP: 14/14 MP: 2/2
   163 | D:1      | Reached XP level 2. HP: 12/20 MP: 2/4
   735 | D:4      | Reached skill level 5 in Ice Magic
   819 | D:4      | Reached XP level 3. HP: 17/26 MP: 0/5
   842 | D:4      | Learned a level 3 spell: Frozen Ramparts
   929 | D:4      | Found an ancient bone altar of Kikubaaqudgha.
  1059 | D:4      | Found a shattered altar of Ashenzari.
  1396 | D:4      | Noticed a scorpion
  1583 | D:5      | Entered Level 5 of the Dungeon
  1588 | D:5      | Noticed Blork the orc
  1595 | D:5      | Killed from afar by Blork the orc

Levels and vault maps discovered:
D:1:      dpeg_arrival_oval, layout_basic, serial_forest,
          infiniplex_forest_lined_corner, infiniplex_forest_lined_ring,
          infiniplex_forest_clump_diagonal, infiniplex_forest_lined_4_way
D:2:      layout_loops_corners, serial_bayou_lake_a
D:3:      layout_loops_ring, uniq_grinder
D:4:      kennysheep_big_flooded_room, layout_basic, old_standard_altar,
          kennysheep_vampire_church, first_ration, minivault_4,
          minmay_misc_feat_tower
D:5:      layout_basic, kennysheep_little_box, temple_hall, uniq_blork_the_orc,
          uniq_eustachio

Skill      XL: |  1  2 |
---------------+-------+-----
Spellcasting   | 2 |  2.2
Ice Magic      | 5 |  5.3
Dodging        | |  1.7
Stealth        | |  2.1

Action                   || total
-------------------------++-------
Melee: Unarmed           ||    22
       Dagger            ||    40
       Long sword        ||    17
 Cast: Freeze            ||    36
       Frozen Ramparts   ||     2
 Stab: Sleeping          ||     1
  Eat: Chunk             ||    13
Armor: Robe              ||     5
       Leather armour    ||    57
Dodge: Dodged            ||    73
       Rpst.: Long sword ||    13

Table legend:
 A = Non-vault XP
 B = Vault XP
 C = Vault XP percentage of total XP
 D = Non-vault monster count
 E = Vault monster count
 F = Vault count percentage of total count
                 A         B        C        D         E       F
            +---------+---------+-------+---------+---------+-------
      Total |      42 |      12 |  22.2 |      20 |       6 |  23.1
            +---------+---------+-------+---------+---------+-------
        D:1 |      11 |       0 |   0.0 |       5 |       0 |   0.0
        D:2 |       6 |       0 |   0.0 |       3 |       0 |   0.0
        D:3 |       2 |       0 |   0.0 |       1 |       0 |   0.0
        D:4 |      23 |      12 |  34.3 |      11 |       6 |  35.3
            +---------+---------+-------+---------+---------+-------
